[Event "10th Iberoamericano-ch 2024"]
[Site "Linares"]
[Date "2024.09.30"]
[Round "8.1"]
[White "Garcia Ramos, Daniel"]
[Black "Avila Pavas, Santiago"]
[Result "1-0"]
[ECO "B67"]
[WhiteElo "2415"]
[BlackElo "2485"]
[Annotator "TA"]
[PlyCount "103"]
[EventDate "2024.09.25"]
[EventType "swiss"]
[EventCountry "ESP"]
[SourceTitle "playchess.com"]
[Source "ChessBase"]
[SourceQuality "1"]
[TimeControl "5400+30"]

1. e4 c5 2. Nf3 d6 3. d4 cxd4 4. Nxd4 Nf6 5. Nc3 Nc6 6. Bg5 Bd7 7. Qd2 a6 8. O-O-O e6 9. f3 Nxd4 10. Qxd4 Be7 11. Kb1 Qc7 12. h4 b5 {[%emt 0:17:01] White has an edge.} 13. g4 Qa7 (13... h5 $11) 14. Qd2 $16 {[%emt 0:13:52] White is much more active. The black rooks are passive.} Qb7 15. Be3 Rc8 16. g5 Nh5 17. Ne2 {[%emt 0:03:00] Dodges Ng3} d5 18. exd5 (18. Bh3 $142 $1 ) 18... exd5 19. Nd4 O-O 20. Bd3 g6 {[%emt 0:04:33][%cal Oa6a5] Prevents Nf5.} 21. Rdg1 Bc5 22. b4 Bb6 23. Re1 Qc7 24. Nb3 Bxe3 25. Rxe3 Ng3 26. Rhe1 Bf5 27. Re5 {[%emt 0:00:49] [#]} Be4 28. f4 $11 Bxd3 29. cxd3 Qd6 30. Nd4 (30. a3 $14) 30... Rfd8 31. Qb2 Rf8 32. Re7 {[%emt 0:00:35] [#]} (32. a3 $14) 32... Ne4 $1 33. Re5 Nc3+ 34. Ka1 Na4 35. Qd2 Rc3 36. Rb1 Rcc8 37. h5 Rfe8 38. Rbe1 (38. Rxe8+ $11 Rxe8 39. h6) 38... Rxe5 $1 $15 39. Rxe5 (39. fxe5 $15 Qb6 40. Nb3 gxh5 41. d4) 39... Qb6 $40 {[%emt 0:00:23][%mdl 128] Black goes for the king.} (39... gxh5 40. Nf5 Qc7 41. Ne7+ (41. Rxd5 $2 Qc1+ 42. Qxc1 Rxc1#) 41... Kg7 42. Nxc8 Qxc8 43. Rxd5 $16) 40. Nf3 d4 (40... Qc7 $17 {( -> ...Qc1+)} 41. a3 gxh5) 41. Re1 (41. hxg6 $1 $11 {and White has nothing to worry.} fxg6 42. a3) 41... Qd6 $2 (41... gxh5 $19 {Strongly threatening ...Qc6.} 42. f5 Qc7 43. Nxd4 Qd6) 42. h6 $11 Nc3 43. Re5 $2 (43. a3 a5 44. Qf2 axb4 (44... Qxf4 45. Qxd4 Qxd4 46. Nxd4 $11) 45. Qxd4 Qxd4 46. Nxd4 bxa3 $15) (43. Qf2 $11) 43... Qxb4 44. Qe1 {[%emt 0:00:06] Prevents Qb1+} (44. Qc2 $17) 44... Kf8 $19 45. Re2 Qd6 46. Rf2 Nd5 (46... Qxf4 $2 {loses.} 47. Ne5 Qe3 48. Rxf7+ Ke8 49. Rf8+ (49. Qxe3 dxe3 50. Rxh7 e2 $18) 49... Ke7 50. Qxe3 (50. Rxc8 $2 {is a self mate.} Qxe1+ 51. Kb2 Qb1+ 52. Ka3 b4#) 50... dxe3 51. Rxc8 $18) 47. Ne5 (47. Qe5 {is a better defense.} Qxe5 48. Nxe5) 47... Qa3 $4 {[%emt 0:00:33][%mdl 8192] [#]} (47... Qc7 $19 48. Kb1 Kg8) 48. Rc2 $3 {[%emt 0:00:27][%mdl 512] White mates.} Rd8 {[%emt 0:00:39] [#]} (48... Ke7 49. Nc4+) 49. Nd7+ $1 Kg8 {[%emt 0:00:03] [#]} 50. Qe5 $1 f6 (50... Qf8 51. Nxf8) 51. Qxd5+ Kh8 52. Qf7 {[%emt 0:00:05] Weighted Error Value: White=0.34/Black=0.34.  Loses game:     	White=2     	---        Missed win:     	---       	Black=2      Mistake:       	White=7     	Black=4      Inaccurate:     	White=4     	Black=2      OK:         	White=14    	Black=13     Best:        	White=2     	Black=1      Strong:       	---       	Black=1} 1-0

[Event "10th Iberoamericano-ch 2024"]
[Site "Linares"]
[Date "2024.09.30"]
[Round "8.2"]
[White "Pichot, Alan"]
[Black "Iturrizaga Bonelli, Eduardo"]
[Result "1-0"]
[ECO "B12"]
[WhiteElo "2628"]
[BlackElo "2577"]
[Annotator "TA"]
[PlyCount "79"]
[EventDate "2024.09.25"]
[EventType "swiss"]
[EventCountry "ESP"]
[SourceTitle "playchess.com"]
[Source "ChessBase"]
[SourceQuality "1"]
[TimeControl "5400+30"]

1. e4 c6 2. d4 d5 3. e5 Bf5 4. Nf3 e6 5. Be2 Nd7 6. O-O h6 7. a4 Ne7 8. c3 Qc7 9. Na3 {[%emt 0:03:49][%cal Bb1a3,Ba3c2,Bc2e3][%mdl 32] White is slightly better.} a6 10. b4 a5 11. Nc2 Nc8 12. Bd2 Be7 13. Nfe1 O-O 14. Ne3 {[%emt 0:12:33] Threatens to win with Nxf5.} Bh7 15. f4 axb4 16. cxb4 {[%emt 0:00:21] Black is on the road to losing.} b6 (16... Qb6 $14) 17. Bd3 $16 {[%emt 0:09:48] f5 would now be deadly.} f5 {[%emt 0:08:31] [#]} (17... c5 $16 {is a better defense.}) 18. g4 $1 $18 Bh4 19. gxf5 exf5 20. Qc2 Bxe1 21. Bxe1 ({Don't take} 21. Raxe1 Ne7 22. b5 Rac8 $18) 21... Ne7 22. Bh4 Qd8 {[%emt 0:00:02] [#]} 23. Nxf5 $1 Bxf5 24. Bxf5 Rxf5 25. Bxe7 Qxe7 26. Qxf5 Nf8 27. Qg4 h5 28. Qxh5 Qxb4 29. Rad1 {[%emt 0:00:45] And now f5 would win.} Rxa4 30. f5 {[%emt 0:02:12] Threatening mate with f6.} Qc3 31. e6 (31. Kh1 $142 Nh7 32. f6 Qe3 33. f7+ Kf8 34. Rde1 (34. Qxh7 Qe4+ 35. Qxe4 dxe4 36. e6 Ra8 37. Ra1 Rxa1 38. e7+ Kxe7 39. f8=Q+ Ke6) 34... Qxe1 35. Rxe1 Ke7 36. Qxh7) 31... Rxd4 32. Rxd4 {[%emt 0:03:42] White mates.} Qxd4+ {[%emt 0:00:18] KQR-KQN} 33. Rf2 Qa1+ 34. Kg2 Qf6 35. Re2 Qe7 {[%emt 0:00:09] [#]} 36. f6 $1 gxf6 37. Qg4+ Kh7 38. Re3 Ng6 39. Rh3+ Kg7 40. Rg3 {[%emt 0:00:09] Weighted Error Value: White=0.14 (very precise) /Black=0.56.  Mistake:       	---       	Black=2      Inaccurate:     	---       	Black=4      OK:         	White=11    	Black=6      Best:        	White=1     	---        Strong:       	White=1     	---} 1-0

[Event "10th Iberoamericano-ch 2024"]
[Site "Linares"]
[Date "2024.09.30"]
[Round "8.3"]
[White "Quesada Perez, Luis Ernesto"]
[Black "Fier, Alexandr"]
[Result "1/2-1/2"]
[ECO "D85"]
[WhiteElo "2578"]
[BlackElo "2551"]
[Annotator "TA"]
[PlyCount "102"]
[EventDate "2024.09.25"]
[EventType "swiss"]
[EventCountry "ESP"]
[SourceTitle "playchess.com"]
[Source "ChessBase"]
[SourceQuality "1"]
[TimeControl "5400+30"]

1. d4 Nf6 2. c4 g6 3. Nc3 d5 4. cxd5 Nxd5 5. e4 Nxc3 6. bxc3 Bg7 7. Nf3 c5 8. Be3 $1 {[%emt 0:01:07][%mdl 4] 8.Be3 is setting a new trend.} Bg4 9. Qd2 O-O 10. Rb1 {[%emt 0:02:14] D85: Exchange Grünfeld: Unusual White 7th moves and lines with 7 Nf3.} Bxf3 11. gxf3 e6 $146 ({Predecessor:} 11... cxd4 12. cxd4 Nc6 13. d5 Ne5 14. Be2 Qc8 15. Bd4 Qh3 16. Qe3 Rac8 17. f4 Qg2 {0-1 Kappeler,K (2280)-Heimann,A (2576) Basel op 2018 (3)}) 12. Rd1 Qa5 13. Bg2 Nc6 14. f4 Rad8 15. e5 $1 f6 16. O-O fxe5 17. fxe5 Nxe5 18. Qe2 Nc6 19. dxc5 Qxc3 20. Rxd8 Rxd8 21. Bxc6 bxc6 22. Qa6 Be5 23. Qxc6 Qc4 24. a3 Qd5 25. Qa4 (25. Qxd5 {simplifies} exd5 26. Rb1 d4 27. Bd2) 25... Qf3 26. Qh4 $1 Rd5 27. h3 Rd1 28. Rxd1 Qxd1+ 29. Kg2 Qd5+ 30. Kg1 Qd1+ 31. Kg2 Qd5+ 32. f3 Bc7 33. Qf6 a6 34. a4 Qe5 35. Qxe5 Bxe5 36. f4 Bc7 37. Kf3 Kf7 38. c6 Ke7 $1 39. Bc5+ Kd8 40. Ke4 Kc8 41. Bb4 Kd8 42. Bc3 Bd6 43. Ba5+ Kc8 44. Bb6 h5 45. Ba5 Kb8 46. Bb6 Kc8 47. Ba5 Kb8 48. Bd8 Kc8 49. Bb6 Kb8 $1 50. Ba5 Kc8 51. Bb6 Kb8 $1 1/2-1/2

[Event "10th Iberoamericano-ch 2024"]
[Site "Linares"]
[Date "2024.09.30"]
[Round "8.4"]
[White "Fernandez Guillen, Ernesto J."]
[Black "Gines Esteo, Pedro Antonio"]
[Result "1/2-1/2"]
[ECO "B12"]
[WhiteElo "2463"]
[BlackElo "2477"]
[Annotator "TA"]
[PlyCount "96"]
[EventDate "2024.09.25"]
[EventType "swiss"]
[EventCountry "ESP"]
[SourceTitle "playchess.com"]
[Source "ChessBase"]
[SourceQuality "1"]
[TimeControl "5400+30"]

1. e4 c6 2. d4 d5 3. e5 Bf5 4. Be2 c5 5. Nf3 Nc6 6. c3 e6 7. O-O cxd4 8. cxd4 Nge7 9. Nc3 Nc8 10. Be3 Nb6 11. Nd2 h5 12. a3 {[%emt 0:02:25][%cal Oa1c1] White is slightly better.} (12. Bxh5 Qh4 13. g4 Bxg4 14. Qxg4 Qxh5 (14... Rxh5 15. Qxh4 Rxh4 16. Ne2 $15) 15. Qxh5 Rxh5 $15) 12... h4 13. h3 Rc8 14. Rc1 Be7 15. Na4 Nxa4 16. Qxa4 f6 17. b4 fxe5 18. b5 ({Much worse is} 18. dxe5 d4 19. Bf4 a6 $11) 18... Nxd4 19. Bxd4 exd4 20. b6+ Kf7 21. bxa7 {[%emt 0:10:14] [#] aiming for Rxc8.} Bf6 ({Better is} 21... Ra8 $14) 22. Bg4 (22. Rxc8 $16 Qxc8 23. Bg4) 22... g6 (22... Ra8 $11) 23. Nf3 (23. Rxc8 $142 Qxc8 24. Bxf5 gxf5 25. Rb1) 23... Ra8 $16 24. Nxd4 Bxd4 25. Qxd4 {[%emt 0:00:08] [#] Strongly threatening Qe5.} b6 $1 26. Bxf5 gxf5 27. Rfe1 {[%emt 0:00:41] The board is on fire.} Rxa7 28. Rc6 Re8 29. Rxb6 {[%emt 0:00:48] White has more active pieces.} (29. Qxb6 Qxb6 (29... Rxa3 $2 {perishes.} 30. Rc7+ Kf8 31. Rec1 $18) 30. Rxb6 Rxa3 $14) 29... Qf6 {[%emt 0:00:30] Inhibits Rbxe6.} 30. Qc5 Rae7 31. Reb1 Rd8 32. Rd6 Red7 33. Rxd7+ Rxd7 $11 {[%emt 0:00:01][%mdl 4096] Endgame. KQR-KQR} 34. Qc6 Qe7 {[%emt 0:00:03] The position is equal.} 35. Qc3 d4 36. Qf3 d3 37. Qh5+ Kg7 38. a4 d2 {[%emt 0:01:01] And now ...Rc7 would win.} 39. Rd1 Qd8 40. Qe2 Kf7 41. Qh5+ Kg7 42. Qe2 Rd6 43. Kf1 Qa5 44. Qc4 Qa6 45. Qxa6 Rxa6 46. Rxd2 Rxa4 47. Ke2 Kf6 48. Rb2 Ke5 {Weighted Error Value: White=0.14 (very precise) /Black=0.14 (very precise) .  Mistake:       	White=2     	Black=2      Inaccurate:     	White=4     	Black=3      OK:         	White=15    	Black=16     Best:        	White=2     	Black=2      Strong:       	---       	Black=1} 1/2-1/2

[Event "10th Iberoamericano-ch 2024"]
[Site "Linares"]
[Date "2024.09.30"]
[Round "8.5"]
[White "Vega Gutierrez, Sabrina"]
[Black "Flores Quillas, Diego Saul Rodri"]
[Result "0-1"]
[ECO "B56"]
[WhiteElo "2374"]
[BlackElo "2451"]
[Annotator "TA"]
[PlyCount "86"]
[EventDate "2024.09.25"]
[EventType "swiss"]
[EventCountry "ESP"]
[SourceTitle "playchess.com"]
[Source "ChessBase"]
[SourceQuality "1"]
[TimeControl "5400+30"]

1. e4 c5 2. Nf3 Nc6 3. d4 cxd4 4. Nxd4 Nf6 5. Nc3 d6 6. Bb5 Bd7 7. Bg5 e6 8. Qd3 h6 9. Bh4 g5 10. Bg3 {[%emt 0:10:26] White is slightly better.} Ne5 11. Qe3 a6 12. Be2 Qc7 13. h4 Rg8 (13... g4 $14) 14. hxg5 $16 hxg5 15. Nf3 Nfg4 16. Qd4 Bg7 17. Nxe5 (17. Nxg5 $2 Nf3+ 18. Nxf3 Bxd4 19. Nxd4 Ne5 $17) 17... Nxe5 (17... Bxe5 {simplifies} 18. Bxe5 Nxe5 19. Qd2 O-O-O) 18. O-O-O Ke7 19. f4 gxf4 20. Bxf4 Bf6 (20... Rh8 $11) 21. Rh6 (21. Rh5 $16) 21... Rg6 ({Black should try} 21... Bg5 $1 $11 22. Bxg5+ Rxg5) 22. Rxg6 $14 fxg6 23. Qe3 Rf8 24. Bg5 Qc5 25. Bxf6+ $1 Rxf6 26. Qd2 b5 {[%emt 0:01:43] [#] White must now prevent ...b4.} 27. b4 $1 Qb6 (27... Qxb4 $2 {loses.} 28. Nd5+ exd5 29. Qxb4 $18) (27... Qc6 28. Qe3) 28. Rh1 Be8 29. a3 Qf2 30. Rd1 Qf4 {[%emt 0:00:29] Active counter play!} (30... Qxg2 $2 31. Qxd6+ Kf7 32. Qxe5 $18) 31. Rf1 {[%emt 0:04:19] Prevents g5} Qxd2+ 32. Kxd2 Rxf1 33. Bxf1 $11 {[%emt 0:00:01][%mdl 4096] Endgame. KBN-KBN} Kf6 34. Ke3 Kg5 35. a4 bxa4 $17 36. Bxa6 a3 37. Bf1 $2 {[%emt 0:08:09] This move loses the game for White.} (37. Bc8 $17 Bf7 38. Kd2) 37... Kg4 $19 38. b5 Kg3 39. Na2 (39. Ne2+ $142 Kh2 40. Nc1) 39... g5 {[%emt 0:01:53] Black is clearly winning.} 40. Nb4 g4 41. b6 {[%emt 0:00:33] [#] Strongly threatening b7.} Bc6 42. Nxc6 a2 43. Nxe5 a1=Q {[%emt 0:00:07] Weighted Error Value: White=0.47/Black=0.13 (very precise) .  Loses game:     	White=1     	---        Mistake:       	White=3     	Black=3      Inaccurate:     	White=7     	Black=2      OK:         	White=9     	Black=13     Best:        	White=2     	Black=3      Strong:       	White=1     	---} (43... a1=B $2 {too greedy.} 44. Nc6 $18 (44. b7 Bxe5 45. b8=Q Bf4+ 46. Ke2 Kh4 $18)) 0-1

[Event "10th Iberoamericano-ch 2024"]
[Site "Linares"]
[Date "2024.09.30"]
[Round "8.6"]
[White "Lopez Martinez, Josep Manuel"]
[Black "Garrido Outon, Alex"]
[Result "0-1"]
[ECO "D35"]
[WhiteElo "2448"]
[BlackElo "2448"]
[Annotator "TA"]
[PlyCount "176"]
[EventDate "2024.09.25"]
[EventType "swiss"]
[EventCountry "ESP"]
[SourceTitle "playchess.com"]
[Source "ChessBase"]
[SourceQuality "1"]
[TimeControl "5400+30"]

1. d4 d5 2. c4 e6 3. Nc3 Nf6 4. cxd5 exd5 5. Bg5 Bb4 6. e3 h6 7. Bf4 {[%emt 0:00:27] D35: Queen's Gambit Declined: Exchange Variation.} Bf5 8. Bd3 Bxd3 9. Qxd3 O-O 10. Nge2 Nh5 11. Be5 Nd7 12. h3 Nhf6 13. Bh2 c6 14. a3 Be7 $146 ({Predecessor:} 14... Ba5 15. O-O Re8 16. Rac1 Qe7 17. b4 Bd8 18. Ng3 Bc7 19. Nf5 Bxh2+ 20. Kxh2 Qe6 {1-0 Keymer,V (2690)-Carlsen,M (2835) FIDE World Cup 2023 (4.1)}) 15. O-O Re8 16. Qc2 a5 17. a4 Nb8 18. Qb3 Qd7 19. Rad1 Na6 20. Kh1 Nb4 21. Na2 Bf8 22. Nf4 Ne4 23. Nxb4 axb4 24. Nd3 Qd8 25. Qc2 Qa5 26. b3 Nc3 27. Ra1 b6 28. Ne5 Re6 29. f3 Rae8 30. e4 f6 31. Nd3 dxe4 32. Nf4 R6e7 33. Ng6 Rd7 34. fxe4 Rxe4 35. Nxf8 Kxf8 36. Bg1 Qd5 37. Rfe1 Rde7 38. Rxe4 Rxe4 39. Qd3 Re2 40. Qg3 Ne4 41. Qf3 Nf2+ 42. Bxf2 Qxf3 43. gxf3 Rxf2 44. Rc1 Rxf3 45. Rxc6 Rxh3+ 46. Kg2 Rxb3 47. Rxb6 Kf7 48. Kf2 h5 49. d5 (49. Rb7+ $142 Kg6 50. Ke2) 49... Rd3 50. Rb7+ Kg6 51. Rb5 h4 52. Rxb4 Rxd5 53. Rxh4 Rd3 54. Rg4+ Kf7 55. Rb4 g5 56. Rb8 Ra3 57. Ra8 Kg6 58. a5 Kf5 59. a6 Kg4 60. a7 f5 61. Ke2 f4 62. Kf2 Ra2+ 63. Ke1 f3 64. Kd1 f2 65. Rf8 Rxa7 66. Ke2 Ra4 $2 (66... f1=Q+ {mates} 67. Kxf1 Kg3 68. Rf6 g4 69. Rg6 Ra1+ 70. Ke2 Rg1 71. Rg7 Kh2 72. Rh7+ Kg2 73. Rh6 g3 74. Rg6 Rh1 75. Ke3 Rh8 76. Rg7 Re8+ 77. Kd2 Kf2 78. Rf7+ Kg1 79. Rb7 g2 80. Kd3 Rh8 81. Rb1+ Kh2 82. Kd4 g1=Q+ (82... g1=B+ 83. Kc3 $15) 83. Rxg1 Kxg1 84. Ke5 Kf2 85. Kd4 Rh5 86. Ke4 Ke2 87. Kf4 Kd3 88. Kg4 Ra5 89. Kf4 Rb5 90. Kf3 Rb4 91. Kf2 Rf4+ 92. Kg2 Ke2 93. Kg3 Re4 94. Kg2 Re3 95. Kg1 Kf3 96. Kf1 Kg3 97. Kg1 Re1#) 67. Kf1 $1 $15 Ra2 ({Black should try} 67... Ra1+ $15 68. Kxf2 Ra2+ 69. Kg1 Kg3) 68. Rf7 (68. Rg8 $11) 68... Rb2 (68... Kg3 69. Rf3+ Kg4 70. Re3 $11) ({Better is} 68... Ra1+ $15 69. Kxf2 Ra2+ 70. Kg1 Kg3) 69. Rf8 (69. Rg7 $1 $11) 69... Rc2 (69... Kg3 70. Rf3+ Kg4 71. Rg3+ Kh5 72. Rh3+ Kg4 73. Rg3+ Kf5 74. Rc3 $11) ({Black should play} 69... Rb1+ $15 70. Kxf2 Rb2+ 71. Kg1 Kg3) 70. Rf7 (70. Rg8 $11) 70... Rd2 ({Reject} 70... Kg3 71. Rf3+ Kg4 72. Rd3 $11) (70... Rc5 $15 71. Kxf2 Rc2+ 72. Kg1 Kg3) 71. Rf8 (71. Rg7 $1 $11) 71... Rb2 (71... Kg3 72. Rf3+ Kg4 73. Rg3+ Kh5 74. Rh3+ Kg4 75. Rg3+ Kf4 76. Rh3 $11) (71... Rd5 $15 72. Kxf2 Rd2+ 73. Kg1 Kg3) 72. Rf7 (72. Rg8 $1 $11) 72... Ra2 (72... Kg3 73. Rf3+ Kg4 74. Rd3 $11) (72... Rb1+ $17 73. Kxf2 Rb2+ 74. Kg1 Kg3) 73. Rf8 (73. Rg7 $1 $11) 73... Rc2 (73... Kg3 $6 74. Rf3+ Kh4 75. Rh3+ Kg4 76. Rg3+ Kf5 77. Rf3+ Ke4 78. Rb3 $11) 74. Rf7 Kh5 ({Don't play} 74... Kg3 $6 75. Rf3+ Kg4 76. Ra3 $11) (74... Rc1+ $17 75. Kxf2 Rc2+ 76. Kg1 Kg3) 75. Kg2 (75. Rh7+ $11 {keeps the balance.} Kg4 76. Rd7) 75... Kh4 76. Kf1 g4 ({Much worse is} 76... Kg3 $6 77. Rf3+ Kh4 78. Rh3+ Kg4 79. Ra3 $11) (76... Rc1+ $17 77. Kxf2 Rc2+ 78. Kg1 Kg3) 77. Rh7+ $1 $11 Kg5 (77... Kg3 $5 78. Rh3+ $8 Kf4 79. Rf3+ Kg5 80. Rxf2 Rc3 $11) 78. Rg7+ $1 Kh5 79. Rh7+ $2 {[%emt 0:00:46][%mdl 8192] [#]} (79. Rg8 $11) 79... Kg6 $1 80. Rh8 {[%emt 0:00:17] [#]} Kf7 $1 81. Ra8 g3 82. Ra1 Rc4 83. Kg2 Rc3 84. Ra7+ Ke6 85. Ra6+ Kd5 86. Ra5+ Kc4 87. Ra8 Re3 88. Rc8+ Kd5 0-1

[Event "10th Iberoamericano-ch 2024"]
[Site "Linares"]
[Date "2024.09.30"]
[Round "8.7"]
[White "Salinas Herrera, Pablo"]
[Black "Vallejo Pons, Francisco"]
[Result "0-1"]
[ECO "B40"]
[WhiteElo "2479"]
[BlackElo "2657"]
[Annotator "TA"]
[PlyCount "86"]
[EventDate "2024.09.25"]
[EventType "swiss"]
[EventCountry "ESP"]
[SourceTitle "playchess.com"]
[Source "ChessBase"]
[SourceQuality "1"]
[TimeControl "5400+30"]

1. e4 c5 2. Nf3 e6 3. g3 Nc6 4. Bg2 Nf6 5. Qe2 e5 6. O-O Be7 7. Na3 O-O 8. Nc4 {[%emt 0:00:03] The position is equal.} d6 9. d3 b5 10. Ne3 Rb8 11. Nd2 Re8 12. Kh1 Bf8 13. Qd1 Bb7 14. b3 Nd4 15. a4 b4 16. Bb2 g6 17. f4 h5 (17... exf4 $1 $15 18. gxf4 d5) 18. Nf3 $11 Bg7 19. f5 Bh6 20. Bc1 Kg7 21. Bd2 Rh8 22. Nc4 Nxf3 23. Qxf3 g5 24. Qe2 g4 25. Kg1 Kf8 26. Be1 Bg5 27. c3 bxc3 28. Bxc3 Ba6 29. Rab1 h4 30. Rfd1 hxg3 31. hxg3 Rb7 32. Be1 Qb8 33. Na5 Rb6 34. Bf2 Kg7 35. Qc2 Rc8 (35... Qg8 {is more complex.} 36. Nc4 Qh7 37. b4 Qh2+) 36. Bf1 (36. Nc4 $11) 36... Rb4 (36... d5 $1 $15 {was preferrable.} 37. exd5 Nxd5) 37. Nc4 Rc6 38. Be1 {[%emt 0:01:14] [#]} (38. Bg2 $11 {remains equal.}) 38... Bxc4 $1 $17 39. bxc4 Be3+ $1 40. Kh1 $2 {[%emt 0:04:02][%mdl 8192] [#] White is weak on the dark squares. This move loses the game for White.} (40. Bf2 $17 {was the crucial defense.} Bxf2+ 41. Kxf2) 40... Rc8 41. Kg2 $19 {[%emt 0:00:39] [#]} Rh8 $1 {[%emt 0:00:42][%cal Oh8h2] ( -> ...Rh2+!)} 42. Bf2 Bxf2 43. Rxb4 $2 {[%emt 0:00:05] [#]} (43. Kxf2 $19 Rh1 44. Qa2) 43... Rh2+ $1 {[%emt 0:01:17][%mdl 32768] Weighted Error Value: White=0.35/Black=0.19 (very precise) .  Loses game:     	White=1     	---        Mistake:       	White=3     	Black=3      Inaccurate:     	White=2     	Black=1      OK:         	White=14    	Black=21     Best:        	White=2     	---        Strong:       	---       	Black=3     . Loss on time!?} (43... Qxb4 44. Kxf2 Qa3 45. Re1 $17) 0-1

[Event "10th Iberoamericano-ch 2024"]
[Site "Linares"]
[Date "2024.09.30"]
[Round "8.8"]
[White "Horcajuelo Rocamora, Martin"]
[Black "Henriquez Villagra, Cristobal"]
[Result "0-1"]
[ECO "E73"]
[WhiteElo "2394"]
[BlackElo "2604"]
[Annotator "RC"]
[PlyCount "128"]
[EventDate "2024.09.25"]
[EventType "swiss"]
[EventCountry "ESP"]
[SourceTitle "playchess.com"]
[Source "ChessBase"]
[SourceQuality "1"]
[TimeControl "5400+30"]

1. d4 Nf6 2. c4 g6 3. Nc3 Bg7 4. e4 d6 5. Be2 O-O 6. h3 e5 7. d5 Nbd7 8. Be3 Nc5 9. Qc2 a5 10. Nf3 Ne8 11. O-O-O f5 12. g4 Na6 13. gxf5 gxf5 14. exf5 Bxf5 15. Qd2 a4 16. Ng5 a3 17. b3 Nc5 18. Rdg1 Kh8 19. Bg4 e4 20. Bxf5 Rxf5 21. Ngxe4 Nxe4 22. Nxe4 Qe7 23. Qc2 Qe5 24. Rg5 b5 25. Rxf5 Qxf5 26. Ng5 Bb2+ 27. Kb1 Ng7 28. cxb5 Rb8 29. Rg1 Qxc2+ 30. Kxc2 Rxb5 31. Rd1 Kg8 32. Ne4 Nf5 33. Nc3 Rb4 34. Rg1+ Kf7 35. Rg4 Nxe3+ 36. fxe3 Rxg4 37. hxg4 Bxc3 38. Kxc3 Kf6 39. e4 Ke5 40. Kd3 Kf4 41. b4 Kxg4 42. e5 dxe5 43. d6 cxd6 44. b5 Kf3 45. b6 e4+ 46. Kd2 Kf2 47. b7 e3+ 48. Kc2 e2 49. b8=Q e1=Q 50. Qf8+ Kg1 51. Qg7+ Kf1 52. Qxh7 Qe2+ 53. Kb3 Qf3+ 54. Kb4 d5 55. Qb1+ Ke2 56. Kc5 Kd2 57. Qh7 Kc1 58. Qh2 Qd3 59. Qg1+ Kb2 60. Kb4 Qc3+ 61. Ka4 d4 62. Qf1 d3 63. Kb5 d2 64. Qe2 Kc1 0-1

[Event "10th Iberoamericano-ch 2024"]
[Site "Linares"]
[Date "2024.09.30"]
[Round "8.9"]
[White "Oro, Faustino"]
[Black "Sos Andreu, Eric"]
[Result "1-0"]
[ECO "D38"]
[WhiteElo "2434"]
[BlackElo "2359"]
[Annotator "TA"]
[PlyCount "79"]
[EventDate "2024.09.25"]
[EventType "swiss"]
[EventCountry "ESP"]
[SourceTitle "playchess.com"]
[Source "ChessBase"]
[SourceQuality "1"]
[TimeControl "5400+30"]

1. Nf3 d5 2. d4 Nf6 3. c4 e6 4. Nc3 Bb4 5. Qa4+ Nc6 6. a3 Bxc3+ 7. bxc3 Bd7 8. cxd5 exd5 9. Bg5 h6 10. Bh4 {[%emt 0:02:05] The position is equal.} g5 11. Bg3 Ne4 {[%emt 0:00:48][%cal Of7f5] ...f5! is the strong threat.} 12. Qb3 Bc8 13. Ne5 (13. e3 $14) 13... Nxe5 14. Bxe5 f6 15. f3 fxe5 16. fxe4 exd4 17. exd5 dxc3 18. Qxc3 O-O 19. e4 (19. O-O-O $11) 19... Qe7 (19... Bg4 $17 {Strongly threatening ...Qd6.} 20. e5 Rf4 (20... Qxd5 $2 21. Bc4 $18)) 20. Bd3 $11 Bg4 21. h3 (21. Rb1 {seems wilder.} b6 22. Rf1 Qd6 23. g3) 21... Bh5 22. g4 Bg6 23. O-O-O $1 Rf4 24. Rhe1 Re8 25. e5 Bxd3 26. Rxd3 b5 {[%emt 0:00:12] ...Rc4 would now be deadly.} 27. Kb1 Rc4 (27... b4 $11 {keeps the balance.} 28. Qb3 Kh8) 28. Qb2 Qh7 29. Qb3 a5 {[%emt 0:04:11] And now ...a4 would win.} 30. Ree3 Qf7 (30... Rf8 $11) 31. Rf3 (31. Qxb5 Qf1+ 32. Ka2 Rc2+ 33. Kb3 c6 34. dxc6 (34. Qxa5 $2 Qb1+ 35. Ka4 Rc4+) 34... Qc1 35. Qd5+ (35. Qxa5 $2 Rb2+ 36. Ka4 Qxc6+) 35... Kh8 $19) (31. e6 $16 Qf2 32. Rd1 (32. Qxb5 $2 Qf1+ 33. Ka2 Rc2+ 34. Kb3 c6 $19)) 31... Qe7 (31... Rf4 $14) 32. d6 (32. Qxb5 $16 Rf4 (32... Rc5 33. Qb3 $16) 33. e6 (33. Qxa5 Qxe5 34. Rxf4 gxf4 $11)) 32... cxd6 33. exd6 (33. Qxb5 Rec8 34. Rf2 (34. exd6 Qe1+ 35. Ka2 Rc2+) (34. Rxd6 $2 Rc1+ 35. Kb2 R8c2+ 36. Kb3 Rb1+ 37. Kxc2 Rxb5 $19) 34... dxe5 (34... Qxe5 35. Qd5+ Qxd5 36. Rxd5 $15) 35. Qxa5 h5 $17) 33... Qe4 34. d7 $1 $36 {[%emt 0:01:28][%cal Of3e3][%mdl 2048] White wants to mate with Rfe3! White is really pushing.} (34. Qxb5 Qe1+ 35. Ka2 Rc2+) 34... Rd8 35. Rfe3 ({Reject} 35. Qxb5 $6 Qe1+ 36. Ka2 Qe2+ 37. Kb1 (37. Qb2 $2 Rc2 $19) 37... Qe1+ 38. Ka2 Qe2+ 39. Kb1 (39. Qb2 $2 Rc2 $19) 39... Qe1+ $11) 35... Qc6 {[%emt 0:00:03] [#] Black cannot hold the game after this.} ({Black should play} 35... Qh1+ $14 36. Qd1 Qxd1+ 37. Rxd1 Kf7) 36. Qd1 $1 $18 Re4 $2 {[%emt 0:01:59] [#]} (36... Kf8 $18 37. Qd2 Qg6) 37. Qf3 $1 Rxd7 38. Rxe4 (38. Rxd7 $142 Qxd7 39. Rxe4 (39. Qxe4 Qd1+ 40. Ka2 Qd2+ 41. Kb1 Qd1+ 42. Kb2 Qd2+ 43. Qc2 Qxe3 $11)) 38... Rc7 39. Rd8+ Kh7 {[%emt 0:00:18] [#]} 40. Re7+ $3 {[%emt 0:00:14][%mdl 512] Weighted Error Value: White=0.20 (precise) /Black=0.61.  Loses game:     	---       	Black=1      Mistake:       	White=4     	Black=5      Inaccurate:     	White=1     	Black=2      OK:         	White=6     	Black=9      Best:        	White=1     	Black=3      Strong:       	White=4     	---} 1-0